Workbook
Name _____ADN1: #REF!
Name _____ADN1: #REF!
Name _____ADN1: #REF!
Name _____ADS1: #REF!
Name _____ADS1: #REF!
Name _____ADS1: #REF!
Name _____EUR1: #REF!
Name _____EUR1: #REF!
Name _____EUR1: #REF!
Name ____ADN1: #REF!
Name ____ADS1: #REF!
Name ____EUR1: #REF!
Name ___ADN1: #REF!
Name ___ADS1: #REF!
Name ___EUR1: #REF!
Name __ADN1: #REF!
Name __ADS1: #REF!
Name __EUR1: #REF!
Name _ADN1: #REF!
Name _ADS1: #REF!
Name _EUR1: #REF!
Name ADN: #REF!
Name ADS: #REF!
Name AmNord_RMde: #REF!
Name ANNEE_EN_COURS: #REF!
Name ANNEE_EN_COURS: #REF!
Name ANNEE_EN_COURS: #REF!
Name ASIE: #REF!
Name ASIE: #REF!
Name ASIE: #REF!
Name ASIE1: #REF!
Name ASIE1: #REF!
Name ASIE1: #REF!
Name BaseCum: #REF!
Name BaseCumNG: #REF!
Name BEF: #REF!
Name BEF: #REF!
Name BEF: #REF!
Name BEFP99: #REF!
Name BEFP99: #REF!
Name BEFP99: #REF!
Name BRR: #REF!
Name BRR: #REF!
Name BRR: #REF!
Name BRRP00: #REF!
Name BRRP99: #REF!
Name CAD: #REF!
Name CAD: #REF!
Name CAD: #REF!
Name CADP00: #REF!
Name CADP00: #REF!
Name CADP00: #REF!
Name CADP99: #REF!
Name changes: #REF!
Name changes: #REF!
Name changes: #REF!
Name COP00: #REF!
Name COP00: #REF!
Name COP00: #REF!
Name Corresp: #REF!

Sheet Chiffres clés
A1: En millions d'euros | B1: 2024 | C1: 2023 | D1: 2022 | E1: 2021 | F1: 2020 | G1: 2019
A2: Ventes | B2: 27193 | C2: 28343 | D2: 28590 | E2: 23795 | F2: 20469 | G2: 24135
A3: % de variation | B3: -0.040574392 | C3: -0.009 | D3: 0.20151292 | E3: 0.163 | F3: -0.152 | G3: 0.096
A4: Total des frais de personnel | B4: 7622 | C4: 7401 | D4: 6950 | E4: 6445 | F4: 5996 | G4: 6365
A5: % des ventes | B5: 0.28029272 | C5: 0.26112268 | D5: 0.24309199 | E5: 0.271 | F5: 0.293 | G5: 0.264
A6: Effectifs fin de période (en équivalents temps plein) | B6: 123500 | C6: 125000 | D6: 124900 | E6: 118400 | F6: 117500 | G6: 121300
A7: Frais de recherche et développement | B7: 786 | C7: 756 | D7: 698 | E7: 682 | F7: 646 | G7: 687
A8: % des ventes | B8: 0.028904497 | C8: 0.027 | D8: 0.024414131 | E8: 0.029 | F8: 0.032 | G8: 0.028
A9: EBITDA des secteurs (1) | B9: 5361.0313 | C9: 5489 | D9: 5262 | E9: 4700 | F9: 3631 | G9: 4763
A10: Résultat opérationnel des secteurs | B10: 3378 | C10: 3572 | D10: 3396 | E10: 2966 | F10: 1878 | G10: 3009
A11: Marge opérationnelle des secteurs | B11: 0.12422315 | C11: 0.126 | D11: 0.11878279 | E11: 0.125 | F11: 0.092 | G11: 0.125
A12: Résultat opérationnel | B12: 2631 | C12: 2652 | D12: 3021 | E12: 2777 | F12: 1403 | G12: 2691
... A33: ROCE opérationnel (6) | B33: 0.1053469 | C33: 0.11352576 | D33: 0.1053469 | E33: 0.103 | F33: 0.06 | G33: 0.1
A34: Données par action (en euros)
A35: Actif net par action (7) | B35: 26.403219 | C35: 25.117551 | D35: 23.968047 | E35: 20.9 | F35: 17.7 | G35: 18.525
A36: Résultat de base par action | B36: 2.65 | C36: 2.77 | D36: 2.8061497 | E36: 2.58 | F36: 0.88 | G36: 2.4225
A37: Résultat dilué par action | B37: 2.62 | C37: 2.75 | D37: 2.7870338 | E37: 2.56 | F37: 3.51 | G37: 9.66
A38: PER (8) | B38: 12 | C38: 11.718412 | D38: 9.2618011 | E38: 13.968992 | F38: 29.8 | G38: 11.3
A39: Dividende par action (9) | B39: 1.38 | C39: 1.35 | D39: 1.25 | E39: 1.125 | F39: 0.575 | G39: 0.5
A40: Taux de distribution (10) | B40: 0.521 | C40: 0.48736462 | D40: 0.44 | E40: 0.44 | F40: 0.65 | G40: 0.21
A41: Rendement par action (11) | B41: 0.043 | C41: 0.041589649 | D41: 0.048 | E41: 0.031 | F41: 0.022 | G41: 0.018
A45: (1) Tel que défini en note 3.7.2 des Etats financiers consolidés
A46: (2) Endettement net: dettes financières - liquidités et équivalents de trésorerie (retraités des variations des actifs de gestion de trésorerie et de garantie d'emprunts) +/- instruments financiers dérivés, tel que calculé en note 26 aux Etats financiers consolidés
A47: (3) Charge d’intérêts nette : charge d’intérêts financiers - produit d’intérêts de la trésorerie.
A48: (4) Cash flow libre : flux de trésorerie sur activités opérationnelles - flux de trésorerie sur activités d’investissement (retraités des variations des actifs financiers de gestion
A49: de trésorerie et de garantie d’emprunts), tel que calculé au chapitre 1.5.3.
A50: (5) ROE : à partir de 2022, le Groupe applique la définition suivante du ROE: résultat net / capitaux propres moyens annuels (moyenne 31.12 N / 31.12 N-1), en lieu et place de résultat net / capitaux propres de l'année N. Les années 2018 à 2021 ont été retraitées à des fins de comparaison.
A51: (6) ROCE opérationnel : calculé selon la méthode en vigueur depuis 2021 expliquée au chapitre 1.6. Les ROCE des années 2019 et 2020 ont été recalculés selon cette méthode
A52: (7) Actif net par action : actif net/nombre d’actions fin de période.
A53: (8) PER : cours de l’action fin de période/résultat de base par action.
A54: (9) Dividende soumis à l'approbation de l'Assemblée générale des actionnaires du 12 mai 2023
A55: (10) Taux de distribution : dividende/résultat net
A56: (11) Rendement : dividende/cours de l’action au 31 décembre.
A63: Produits d'intérêts | B63: -130.4 | C63: -11.6 | D63: voir tableau du résultat financier
A64: Charges d'intérêts | B64: 301.8 | C64: 307.2
A65: Charge nette d'intérêts | B65: =B64+B63 -> 171.4 | C65: =C64+C63 -> 295.6
N66: =210+125+39 -> 374
A67: Nombre d'actions fin de période | B67: 714958226 | C67: 714117414
A68: Cours de l'action fin de période | B68: 32.46 | C68: 25.99 | D68: 36.04
C130: =VLOOKUP($A$127,'Chiffres clés'!$A:$G,MATCH(A130,'Chiffres clés'!$1:$1,0),0) -> #N/A
C131: =VLOOKUP($A$127,'Chiffres clés'!$A:$G,MATCH(A131,'Chiffres clés'!$1:$1,0),0) -> #N/A
C132: =VLOOKUP($A$127,'Chiffres clés'!$A:$G,MATCH(A132,'Chiffres clés'!$1:$1,0),0) -> #N/A
C133: =VLOOKUP($A$127,'Chiffres clés'!$A:$G,MATCH(A133,'Chiffres clés'!$1:$1,0),0) -> #N/A
C134: =VLOOKUP($A$127,'Chiffres clés'!$A:$G,MATCH(A134,'Chiffres clés'!$1:$1,0),0) -> #N/A

Sheet Marchés
A1: Marché Tourime camionette Première monte par zone géographique
A2: (en millions de pneus)
B3: Europe (1) | C3: Amérique du Nord (2) | D3: Asie (hors Inde) | E3: Amérique du Sud | F3: Afrique Inde Moyen-Orient
A4: 2019 | B4: 100 | C4: 78.9 | D4: 195.1 | E4: 16.3 | F4: 30.2
A5: 2020 | B5: 78 | C5: 63 | D5: 176 | E5: 11 | F5: 25
A6: 2021 | B6: 75 | C6: 63 | D6: 181 | E6: 13 | F6: 30
A7: 2022 | B7: 74.568355 | C7: 68.913792 | D7: 190.81999 | E7: 14.23873 | F7: 35.607706
A8: 2023 | B8: 82.502225 | C8: 75.277493 | D8: 209.21021 | E8: 14.623377 | F8: 36.597862
A9: 2024 | B9: 76.358328 | C9: 74.042559 | D9: 207.4221 | E9: 14.800353 | F9: 36.135068
A11: (1) Y compris Russie et Turquie
A12: (2) Etats-Unis, Canada et Mexique
A13: Estimations Michelin
A15: Marché Tourime camionette Remplacement par zone géographique
A16: (en millions de pneus)
B17: Europe (1) | C17: Amérique du Nord (2) | D17: Asie (hors Inde) | E17: Amérique du Sud | F17: Afrique Inde Moyen-Orient
A18: 2019 | B18: 373.6 | C18: 316.9 | D18: 282.3 | E18: 66.2 | F18: 103.9
A19: 2020 | B19: 340 | C19: 288 | D19: 266 | E19: 54 | F19: 91
A20: 2021 | B20: 382 | C20: 328 | D20: 277 | E20: 69 | F20: 110
A21: 2022 | B21: 384.5137 | C21: 316.12529 | D21: 265.91057 | E21: 73.086288 | F21: 110.95705
A22: 2023 | B22: 370.72383 | C22: 316.54772 | D22: 311.83771 | E22: 79.497652 | F22: 113.58295
A23: 2024 | B23: 402.9023 | C23: 323.31654 | D23: 311.08346 | E23: 81.4174 | F23: 117.13505
A25: (1) Y compris Russie et Turquie
A26: (2) Etats-Unis, Canada et Mexique
A27: Estimations Michelin
A30: Marché Transport routier Première monte par zone géographique
A31: (en millions de pneus)
B32: Europe (1) | C32: Amérique du Nord (2) | D32: Asie (hors Inde) | E32: Amérique du Sud | F32: Afrique Inde Moyen-Orient
A33: 2019 | B33: 6.7 | C33: 6.9 | D33: 27.3 | E33: 1.9 | F33: 4.2
A34: 2020 | B34: 5.6 | C34: 4.9 | D34: 37.3 | E34: 1.6 | F34: 2.3
A35: 2021 | B35: 6.9 | C35: 6.1 | D35: 32.9 | E35: 2.1 | F35: 3.8
A36: 2022 | B36: 7.06754 | C36: 6.736475 | D36: 20.596374 | E36: 2.526847 | F36: 5.276281
A37: 2023 | B37: 7.425037 | C37: 6.444384 | D37: 25.339897 | E37: 1.912943 | F37: 5.846169
A38: 2024 | B38: 5.918715 | C38: 5.749033 | D38: 24.58363 | E38: 2.367657 | F38: 6.086493
A40: (1) Y compris Russie et Turquie
A41: (2) Etats-Unis, Canada et Mexique
A42: Estimations Michelin
A45: Marché Transport routier Remplacement par zone géographique
A46: (en millions de pneus)
B47: Europe (1) | C47: Amérique du Nord (2) | D47: Asie (hors Inde) | E47: Amérique du Sud | F47: Afrique Inde Moyen-Orient
A48: 2019 | B48: 24.3 | C48: 26.6 | D48: 80.5 | E48: 12.5 | F48: 31
A49: 2020 | B49: 23.7 | C49: 26.2 | D49: 68.4 | E49: 11.8 | F49: 25.6
A50: 2021 | B50: 26.6 | C50: 31.8 | D50: 66.3 | E50: 15.3 | F50: 27.6
A51: 2022 | B51: 27.528757 | C51: 35.746598 | D51: 60.756453 | E51: 15.511449 | F51: 28.721268
A52: 2023 | B52: 25.662023 | C52: 30.796525 | D52: 63.214308 | E52: 16.493859 | F52: 28.858545
A53: 2024 | B53: 25.601896 | C53: 33.004427 | D53: 60.130342 | E53: 17.246086 | F53: 30.189294
A55: (1) Y compris Russie et Turquie
A56: (2) Etats-Unis, Canada et Mexique
A57: Estimations Michelin
A60: Marché génie civil minier
A61: (base 100 en 2019 en nombre de pneus)
A62: 2019 | B62: 100
A63: 2020 | B63: 84
A64: 2021 | B64: 91.0266
A65: 2022 | B65: 96.488196
A66: 2023 | B66: 97.818898
A67: 2024 | B67: 95.86252
A69: Marché génie civil construction
A70: =A61 -> (base 100 en 2019 en nombre de pneus)
A71: 2018 | B71: 100
A72: 2019 | B72: 99.137931
A73: 2020 | B73: 80.202586
A74: 2021 | B74: 100.558
A75: 2022 | B75: 98.044053
A78: Marché agricole
A79: =A61 -> (base 100 en 2019 en nombre de pneus)
A80: Europe et Amérique du Nord)
A81: 2019 | B81: 100
A82: 2020 | B82: 98.93617
A83: 2021 | B83: 115.08255
A84: 2022 | B84: 118.0747
A85: 2023 | B85: 105.95445
A86: 2024 | B86: 97.478093

Sheet Ventes
A1: Effet de la variation des volumes sur les ventes (sur la base de volumes exprimés en tonnes)
A2: (volume exprimé en tonnes)
A3: 2011 | B3: 0.067
A4: 2012 | B4: -0.064
A5: 2013 | B5: 0
A6: 2014 | B6: 0.007
A7: 2015 | B7: 0.032
A8: 2016 | B8: 0.021
A9: 2017 | B9: 0.026
A10: 2018 | B10: 0.009
A11: 2019 | B11: -0.012
A12: 2020 | B12: -0.14
A13: 2021 | B13: 0.118
A14: 2022 | B14: -0.02
... A16: 2024 | B16: -0.051
A19: Ventes
A20: (en millions €)
A21: =A22-1 -> 2019 | B21: =VLOOKUP($A$19,'Chiffres clés'!$A:$G,MATCH(C21,'Chiffres clés'!$1:$1,0),0) -> 24135 | C21: =OFFSET('Chiffres clés'!$C$1,,D21) -> 2019 | D21: =D22+1 -> 4
A22: =A23-1 -> 2020 | B22: =VLOOKUP($A$19,'Chiffres clés'!$A:$G,MATCH(C22,'Chiffres clés'!$1:$1,0),0) -> 20469 | C22: =OFFSET('Chiffres clés'!$C$1,,D22) -> 2020 | D22: =D23+1 -> 3
A23: =A24-1 -> 2021 | B23: =VLOOKUP($A$19,'Chiffres clés'!$A:$G,MATCH(C23,'Chiffres clés'!$1:$1,0),0) -> 23795 | C23: =OFFSET('Chiffres clés'!$C$1,,D23) -> 2021 | D23: =D24+1 -> 2
A24: =A25-1 -> 2022 | B24: =VLOOKUP($A$19,'Chiffres clés'!$A:$G,MATCH(C24,'Chiffres clés'!$1:$1,0),0) -> 28590 | C24: =OFFSET('Chiffres clés'!$C$1,,D24) -> 2022 | D24: =D25+1 -> 1
A25: ='Chiffres clés'!$C$1 -> 2023 | B25: =VLOOKUP($A$19,'Chiffres clés'!$A:$G,MATCH(C25,'Chiffres clés'!$1:$1,0),0) -> 28343 | C25: =OFFSET('Chiffres clés'!$C$1,,D25) -> 2023 | D25: 0
A26: 2024 | B26: 27193
A29: Répartition des ventes par secteur opérationnel
A30: (en valeur)
B31: 2019 | C31: 2020 | D31: 2021 | E31: 2022 | F31: 2023 | G31: 2024
A32: Automobile * | B32: 0.49 | C32: 0.5 | D32: 0.50422358 | E32: 0.49451381 | F32: 0.52424795 | G32: 0.53938282
A33: Transport routier * | B33: 0.27 | C33: 0.26 | D33: 0.26194579 | E33: 0.26101473 | F33: 0.24490603 | G33: 0.24267368
A34: Activités de spécialités * | B34: 0.24 | C34: 0.24 | D34: 0.23383064 | E34: 0.24447146 | F34: 0.23084602 | G34: 0.21794351
A36: * et distribution associée
A52: Répartition des ventes par zone géographique
A54: (en valeur) | B54: 2019 | C54: 2020 | D54: 2021 | E54: 2022 | F54: 2023 | G54: 2024
A55: Europe (y.c. Centrale et Orientale) | B55: 0.37 | C55: 0.37 | D55: 0.38 | E55: 0.35 | F55: 0.35 | G55: 0.36
A56: Amérique du Nord (y.c. Mexique) | B56: 0.37 | C56: 0.35 | D56: 0.35 | E56: 0.38 | F56: 0.39 | G56: 0.39
A57: Autres zones | B57: 0.26 | C57: 0.28 | D57: 0.27 | E57: 0.26 | F57: 0.26 | G57: 0.25

Sheet Site web | Resultats
A1: Répartition des charges par nature
A2: (en % des ventes)
A3: Chiffre affaires | B3: 1
A4: Matières premières | B4: -0.20772902
A5: Frais de personnel | B5: -0.28029272
A6: Transport de marchandises | B6: -0.050380613
A7: Charges d'amortissements | B7: -0.076674144
A8: Autres charges* | B8: -0.26070036
A9: Total des charges des secteurs | B9: -0.87577685
A10: Marge opérationnelle des secteurs | B10: 0.12422315
A11: * dont achats autres que matières premières et transport de marchandises (énergie, autres biens consommables, prestations de services, communication, etc.)
A14: Résultat opérationnel des secteurs
A15: (en millions €)
A16: 2019 | B16: 3009 | C16: =OFFSET('Chiffres clés'!$C$1,,D16) -> 2019 | D16: =D17+1 -> 4
A17: 2020 | B17: 1878 | C17: =OFFSET('Chiffres clés'!$C$1,,D17) -> 2020 | D17: =D18+1 -> 3
A18: 2021 | B18: 2966 | C18: =OFFSET('Chiffres clés'!$C$1,,D18) -> 2021 | D18: =D19+1 -> 2
A19: 2022 | B19: 3396 | C19: =OFFSET('Chiffres clés'!$C$1,,D19) -> 2022 | D19: =D20+1 -> 1
A20: 2023 | B20: 3572 | C20: =OFFSET('Chiffres clés'!$C$1,,D20) -> 2023 | D20: 0
A21: 2024 | B21: 3378 | C21: =OFFSET('Chiffres clés'!$C$1,,D21) -> 2024 | D21: -1
A23: Marge opérationnelle des secteurs
A24: (en % des ventes)
A25: 2019 | B25: 0.125 | C25: =OFFSET('Chiffres clés'!$C$1,,D25) -> 2019 | D25: =D26+1 -> 4
A26: 2020 | B26: 0.092 | C26: =OFFSET('Chiffres clés'!$C$1,,D26) -> 2020 | D26: =D27+1 -> 3
A27: 2021 | B27: 0.125 | C27: =OFFSET('Chiffres clés'!$C$1,,D27) -> 2021 | D27: =D28+1 -> 2
A28: 2022 | B28: 0.11878279 | C28: =OFFSET('Chiffres clés'!$C$1,,D28) -> 2022 | D28: =D29+1 -> 1
A29: 2023 | B29: 0.126 | C29: =OFFSET('Chiffres clés'!$C$1,,D29) -> 2023 | D29: 0
A30: 2024 | B30: 0.12422315 | C30: =OFFSET('Chiffres clés'!$C$1,,D30) -> 2024 | D30: -1
A32: Résultat net
A33: (en millions €)
A34: 2019 | B34: 1730 | C34: =OFFSET('Chiffres clés'!$C$1,,D34) -> 2019 | D34: =D35+1 -> 4
A35: 2020 | B35: 625 | C35: =OFFSET('Chiffres clés'!$C$1,,D35) -> 2020 | D35: =D36+1 -> 3
A36: 2021 | B36: 1845 | C36: =OFFSET('Chiffres clés'!$C$1,,D36) -> 2021 | D36: =D37+1 -> 2
A37: 2022 | B37: 2009 | C37: =OFFSET('Chiffres clés'!$C$1,,D37) -> 2022 | D37: =D38+1 -> 1
A38: 2023 | B38: 1983 | C38: =OFFSET('Chiffres clés'!$C$1,,D38) -> 2023 | D38: 0
A39: 2024 | B39: 1890 | C39: =OFFSET('Chiffres clés'!$C$1,,D39) -> 2024 | D39: -1
A42: Résultat de base par action
A43: (en €)
A44: 2019 | B44: 2.4225 | C44: =OFFSET('Chiffres clés'!$C$1,,D44) -> 2019 | D44: =D45+1 -> 4
A45: 2020 | B45: 0.88 | C45: =OFFSET('Chiffres clés'!$C$1,,D45) -> 2020 | D45: =D46+1 -> 3
A46: 2021 | B46: 2.58 | C46: =OFFSET('Chiffres clés'!$C$1,,D46) -> 2021 | D46: =D47+1 -> 2
A47: 2022 | B47: 2.8061497 | C47: =OFFSET('Chiffres clés'!$C$1,,D47) -> 2022 | D47: =D48+1 -> 1
A48: 2023 | B48: 2.77 | C48: =OFFSET('Chiffres clés'!$C$1,,D48) -> 2023 | D48: 0
A49: 2024 | B49: 2.65 | C49: =OFFSET('Chiffres clés'!$C$1,,D49) -> 2024 | D49: -1
A52: Dividende par action *
A53: (en €)
A54: 2010 | B54: 0.445
A55: 2011 | B55: 0.525
A56: 2012 | B56: 0.6
A57: 2013 | B57: 0.625
A58: 2014 | B58: 0.625
A59: 2015 | B59: 0.7125
A60: 2016 | B60: 0.8
A61: 2017 | B61: 0.8875
A62: 2018 | B62: 0.925
A63: 2019 | B63: 0.5
A64: 2020 | B64: 0.575
A65: 2021 | B65: 1.125
... A68: 2024 | B68: 1.38
A70: * Sous réserve de l'approbation de l'assemblée générale des actionnaires du 16 mai 2025.

Sheet Secteurs op.
A1: Automobile et distribution associée
A2: (en millions € et en % des ventes)
B3: Résultats opérationnel du secteur | C3: Marge opérationnelle du secteur
A4: 2019 | B4: 1321 | C4: 0.111
A5: 2020 | B5: 839 | C5: 0.083
A6: 2021 | B6: 1643 | C6: 0.137
A7: 2022 | B7: 1710.5727 | C7: 0.12098871
A8: 2023 | B8: 1967.9158 | C8: 0.13244172
A9: 2024 | B9: 1916.8998 | C9: 0.13069132
A12: Transport routier et distribution associée
A13: (en millions € et en % des ventes)
B14: Résultats opérationnel du secteur | C14: Marge opérationnelle du secteur
A15: 2019 | B15: 597 | C15: 0.093
A16: 2020 | B16: 302 | C16: 0.056
A17: 2021 | B17: 599 | C17: 0.096
A18: 2022 | B18: 641.45263 | C18: 0.085957011
A19: 2023 | B19: 473.82886 | C19: 0.068261695
A20: 2024 | B20: 597.2691 | C20: 0.090509007
A23: Activités de spécialités et distribution associée
A24: (en millions € et en % des ventes)
B25: Résultats opérationnel du secteur | C25: Marge opérationnelle du secteur
A26: 2019 | B26: 1091 | C26: 0.187
A27: 2020 | B27: 737 | C27: 0.148
A28: 2021 | B28: 724 | C28: 0.13
A29: 2022 | B29: 1044.0791 | C29: 0.14937812
A30: 2023 | B30: 1130.2372 | C30: 0.1727437
A31: 2024 | B31: 864.12356 | C31: 0.14580631
A33: (1) Les montants de l'exercice 2018 ont été retraités, voir note 2.5 des états financiers consolidés disponibles dans le document d'enregistrement universel 2019

Sheet Structure des couts
A1: Répartitions du cout des matières premières
A2: (en %, en 2024)
A3: Caoutchouc Naturel | B3: 0.26144552
A4: Caoutchouc synthetique | B4: 0.2294611
A5: Charges renforçantes | B5: 0.2326233
A6: Produits chimiques | B6: 0.13205112
A7: Câbles | B7: 0.093259934
A8: Textile | B8: 0.061159026
A12: Coût des matières premières
A13: (en millions €)
A14: 2019 | B14: 5052
A15: 2020 | B15: 3777
A16: 2021 | B16: 5007
A17: 2022 | B17: 6701.1412
A18: 2023 | B18: 5863.2827
A19: 2024 | B19: 5648.7752
A24: Total des frais de personnel
A25: (en millions €)
A26: 2019 | B26: 6365 | C26: =OFFSET('Chiffres clés'!$C$1,,D26) -> 2019 | D26: =D27+1 -> 4
A27: 2020 | B27: 5996 | C27: =OFFSET('Chiffres clés'!$C$1,,D27) -> 2020 | D27: =D28+1 -> 3
A28: 2021 | B28: 6445 | C28: =OFFSET('Chiffres clés'!$C$1,,D28) -> 2021 | D28: =D29+1 -> 2
A29: 2022 | B29: 6950 | C29: =OFFSET('Chiffres clés'!$C$1,,D29) -> 2022 | D29: =D30+1 -> 1
A30: 2023 | B30: 7401 | C30: =OFFSET('Chiffres clés'!$C$1,,D30) -> 2023 | D30: 0
A31: 2024 | B31: 7622 | C31: 2023 | D31: -1
A35: Effectifs fin de période (en équivalents temps plein)
A36: (au 31 décembre)
A37: 2019 | B37: 121300 | C37: =OFFSET('Chiffres clés'!$C$1,,D37) -> 2019 | D37: =D38+1 -> 4
A38: 2020 | B38: 117500 | C38: =OFFSET('Chiffres clés'!$C$1,,D38) -> 2020 | D38: =D39+1 -> 3
A39: 2021 | B39: 118400 | C39: =OFFSET('Chiffres clés'!$C$1,,D39) -> 2021 | D39: =D40+1 -> 2
A40: 2022 | B40: 124900 | C40: =OFFSET('Chiffres clés'!$C$1,,D40) -> 2022 | D40: =D41+1 -> 1
A41: 2023 | B41: 125000 | C41: =OFFSET('Chiffres clés'!$C$1,,D41) -> 2023 | D41: 0
A42: 2024 | B42: 123500 | C42: 2023 | D42: -1
A45: Frais de transport
A46: (en millions €)
A47: 2019 | B47: 1183 | C47: =OFFSET('Chiffres clés'!$C$1,,D47) -> 2019 | D47: =D48+1 -> 4
A48: 2020 | B48: 1186 | C48: =OFFSET('Chiffres clés'!$C$1,,D48) -> 2020 | D48: =D49+1 -> 3
A49: 2021 | B49: 1232 | C49: =OFFSET('Chiffres clés'!$C$1,,D49) -> 2021 | D49: =D50+1 -> 2
A50: 2022 | B50: 2056 | C50: =OFFSET('Chiffres clés'!$C$1,,D50) -> 2022 | D50: =D51+1 -> 1
A51: 2023 | B51: 1485 | C51: =OFFSET('Chiffres clés'!$C$1,,D51) -> 2023 | D51: 0
A52: 2024 | B52: 1370 | C52: 2023 | D52: -1
A55: Frais de recherche et développement
A56: (en millions €)
A57: 2019 | B57: 687 | C57: =OFFSET('Chiffres clés'!$C$1,,D57) -> 2019 | D57: =D58+1 -> 4
A58: 2020 | B58: 646 | C58: =OFFSET('Chiffres clés'!$C$1,,D58) -> 2020 | D58: =D59+1 -> 3
A59: 2021 | B59: 682 | C59: =OFFSET('Chiffres clés'!$C$1,,D59) -> 2021 | D59: =D60+1 -> 2
A60: 2022 | B60: 698 | C60: =OFFSET('Chiffres clés'!$C$1,,D60) -> 2022 | D60: =D61+1 -> 1
A61: 2023 | B61: 756 | C61: =OFFSET('Chiffres clés'!$C$1,,D61) -> 2023 | D61: 0
A62: 2024 | B62: 786 | C62: 2023 | D62: -1

Sheet Tréso et bilan
A1: EBITDA des secteurs *
A2: (en millions €)
A3: 2019 | B3: 4763 | C3: =OFFSET('Chiffres clés'!$C$1,,D3) -> 2019 | D3: =D4+1 -> 4
A4: 2020 | B4: 3631 | C4: =OFFSET('Chiffres clés'!$C$1,,D4) -> 2020 | D4: =D5+1 -> 3
A5: 2021 | B5: 4700 | C5: =OFFSET('Chiffres clés'!$C$1,,D5) -> 2021 | D5: =D6+1 -> 2
A6: 2022 | B6: 5262 | C6: =OFFSET('Chiffres clés'!$C$1,,D6) -> 2022 | D6: =D7+1 -> 1
A7: 2023 | B7: 5489 | C7: =OFFSET('Chiffres clés'!$C$1,,D7) -> 2023 | D7: 0
A8: 2024 | B8: 5361.0313 | C8: 2023 | D8: -1
A10: * Voir note (1) onglet 'Chiffres clés'
A13: Flux de trésorerie sur activités opérationnelles
A14: (en millions €)
A15: 2019 | B15: 3321 | C15: =OFFSET('Chiffres clés'!$C$1,,D15) -> 2019 | D15: =D16+1 -> 4
A16: 2020 | B16: 3366 | C16: =OFFSET('Chiffres clés'!$C$1,,D16) -> 2020 | D16: =D17+1 -> 3
A17: 2021 | B17: 2906 | C17: =OFFSET('Chiffres clés'!$C$1,,D17) -> 2021 | D17: =D18+1 -> 2
A18: 2022 | B18: 1931 | C18: =OFFSET('Chiffres clés'!$C$1,,D18) -> 2022 | D18: =D19+1 -> 1
A19: 2023 | B19: 5287 | C19: =OFFSET('Chiffres clés'!$C$1,,D19) -> 2023 | D19: 0
A20: 2024 | B20: 4319.0313 | C20: 2023 | D20: -1
A23: Stocks en valeur
A24: (en millions €)
A25: 2019 | B25: 4694
A26: 2020 | B26: 3959
A27: 2021 | B27: 5115
A28: 2022 | B28: 6318
A29: 2023 | B29: 5447
A30: 2024 | B30: 5699.0315
A33: Créances clients
A34: (en millions €)
A35: 2019 | B35: 3532
A36: 2020 | B36: 3018
A37: 2021 | B37: 3576
A38: 2022 | B38: 4205
A39: 2023 | B39: 3850
A40: 2024 | B40: 3595.1828
A43: Investissements incorporels et corporels bruts
A44: (en millions €)
A45: 2019 | B45: 1801 | C45: =OFFSET('Chiffres clés'!$C$1,,D45) -> 2019 | D45: =D46+1 -> 4
A46: 2020 | B46: 1221 | C46: =OFFSET('Chiffres clés'!$C$1,,D46) -> 2020 | D46: =D47+1 -> 3
A47: 2021 | B47: 1705 | C47: =OFFSET('Chiffres clés'!$C$1,,D47) -> 2021 | D47: =D48+1 -> 2
A48: 2022 | B48: 2141 | C48: =OFFSET('Chiffres clés'!$C$1,,D48) -> 2022 | D48: =D49+1 -> 1
A49: 2023 | B49: 2236 | C49: =OFFSET('Chiffres clés'!$C$1,,D49) -> 2023 | D49: 0
A50: 2024 | B50: 2182 | C50: 2023 | D50: -1
A53: Cash flow libre *
A54: (en millions €)
A55: 2019 | B55: 1142 | C55: =C56+1 -> 4
A56: 2020 | B56: 2004 | C56: =C57+1 -> 3
A57: 2021 | B57: 1357 | C57: =C58+1 -> 2
A58: 2022 | B58: -180.3 | C58: =C59+1 -> 1
A59: 2023 | B59: 2342.8 | C59: 0
A60: 2024 | B60: 2225.4 | C60: -1
A62: * Voir note (5) onglet 'Chiffres clés'
A64: Cash flow libre* structurel
A65: (en millions €) | B65: reporter valeurs à la main car pas dans Chiffres clés
A66: 2018 | B66: 1274
A67: 2019 | B67: 1615
A68: 2020 | B68: 2010
A69: 2021 | B69: 1793
A70: 2022
A71: 2023
A73: * Cash flow libre avant acquisitions, ajusté de l'impact, sur les comptes clients, les comptes fournisseurs et les stocks, des variations de cours de matière premières et des intérêts OCEANE 2017 versés à l'échéance
A77: Endettement net *
A78: (en millions €)
A79: 2019 | B79: 5184 | C79: =C80+1 -> 4
A80: 2020 | B80: 3531 | C80: =C81+1 -> 3
A81: 2021 | B81: 2789 | C81: =C82+1 -> 2
A82: 2022 | B82: 4320 | C82: =C83+1 -> 1
A83: 2023 | B83: 3280.8 | C83: 0
A84: 2024 | B84: 3112 | C84: -1
A86: *Voir note (3) onglet 'Chiffres clés'
A88: Endettement net (2) / Capitaux propres
A89: Endettement net * / Capitaux propres
A90: (en millions €)
A91: 2019 | B91: 0.392 | C91: =C92+1 -> 4
A92: 2020 | B92: 0.28 | C92: =C93+1 -> 3
A93: 2021 | B93: 0.186 | C93: =C94+1 -> 2
A94: 2022 | B94: 0.25239542 | C94: =C95+1 -> 1
A95: 2023 | B95: 0.18269295 | C95: 0
A96: 2024 | B96: 0.16700655 | C96: -1
A98: * Voir note (3) onglet 'Chiffres clés'
A100: Endettement net (2) / EBITDA (1)
A101: Endettement net * / EBITDA
A102: (en millions €)
A103: 2019 | B103: 1.09 | C103: =C104+1 -> 4
A104: 2020 | B104: 0.97 | C104: =C105+1 -> 3
A105: 2021 | B105: 0.59 | C105: =C106+1 -> 2
A106: 2022 | B106: 0.82098062 | C106: =C107+1 -> 1
A107: 2023 | B107: 0.5977045 | C107: 0
A108: 2024 | B108: 0.58048533 | C108: -1
A110: * Voir note (3) onglet 'Chiffres clés'
A112: ROCE opérationnel(6)
A113: ROCE*
A114: (après impôts)
A115: 2019 | B115: 0.1 | C115: =OFFSET('Chiffres clés'!$C$1,,D115) -> 2020 | D115: =D116+1 -> 3
A116: 2020 | B116: 0.06 | C116: =OFFSET('Chiffres clés'!$C$1,,D116) -> 2021 | D116: =D117+1 -> 2
A117: 2021 | B117: 0.103 | C117: =OFFSET('Chiffres clés'!$C$1,,D117) -> 2022 | D117: =D118+1 -> 1
A118: 2022 | B118: 0.108 | C118: =OFFSET('Chiffres clés'!$C$1,,D118) -> 2023 | D118: 0
A119: 2023 | B119: 0.114 | C119: =OFFSET('Chiffres clés'!$C$1,,D119) -> 2024 | D119: -1
A120: 2024 | B120: 0.105
A122: * Voir note (7) onglet 'Chiffres clés'

Sheet Footprint Industriel
B3: Groupe Michelin: 128 sites industriels dans 20 pays
B5: Activité pneumatique: 83 sites industriels
C7: Nombre de sites produits finis (1) | D7: Capacité activable (kT) | E7: Nombre de sites semi-finis et composants (2) | F7: Effectifs
B8: Europe | C8: 25 | D8: 1600 | E8: 7 | F8: ~ 36 000
B9: Amérique du Nord (yc Mexique) | C9: =18+5 -> 23 | D9: 1400 | E9: 3 | F9: ~ 21 000
B10: Amérique du Sud | C10: =4+1 -> 5 | D10: 250 | E10: 0 | F10: ~ 7000
B11: Asie (yc Inde) | C11: 15 | D11: 800 | E11: 5 | F11: ~ 23 000
B12: TOTAL | C12: =SUM(C8:C11) -> 68 | D12: =SUM(D8:D11) -> 4050 | E12: =SUM(E8:E11) -> 15 | F12: ~ 87 000
B13: (1) La plupart des usines produits finis produisent également des produits semi-finis et/ou composants.
B14: (2) Sites exclusivement consacrés à la production de produits semi-finis et/ou composants
B16: Polymer Composite Solutions
B17: 45 sites industriels
